Unix NetHack Version 5.0.0-0 post-release - last build May 10 2026 23:12:36 (d1fa5d53e341ca933230fdaa984d921c805b60aa,branch:main).

Game began 2026-05-14 09:26:57, ended 2026-05-14 10:42:25.

Eymerich, chaotic male elven Priest

                                 ----------           #
                                #-........|       ----.-
                                #|........|   ####-....|     ----------
                               ##-------|--       |....|     |........|
                    -------    #       ###        |....|     |........|
                    |..(..-#####        #         |.....#####.........|
                    |.....|             #         |....|     |........|
                    |....>|          ####         --|---     |........|
                    -.-----          #             ##        --.-------
                     #               #             #           ####
                     #               #             #              #
                     #             ###             #              #
  --------           #           --.---------      #              ######
  |.......###        #           |..........|    --|--       ----------.--
  |......|  #       ##           |..........-#   |..`|       |...........|
  |......|  ###-----|---         |..........|#   |...|       |..........<|
  |......|    #B@......|         |...^......|####....|       |...........|
  |.......#####|...f...|         ------------    |...|       -------------
  --------     ---------                         -----

Eymerich the Acolyte         St:16 Dx:11 Co:15 In:12 Wi:17 Ch:11  Chaotic
Dlvl:4  $:99 HP:0(30) Pw:61(61) AC:9  Xp:4 T:2459 

Latest messages:
 You are caught in a bear trap.
 You are caught in a bear trap.
 You are caught in a bear trap.
 You are caught in a bear trap.
 You are caught in a bear trap.
 You are caught in a bear trap.
 You are caught in a bear trap.
 You are caught in a bear trap.
 You are caught in a bear trap.
 You are caught in a bear trap.
 You are caught in a bear trap.
 You finally wriggle free.
 You swap places with Smiley.
 You swap places with Smiley.
 In what direction?
 Whoops...
 A bear trap closes on your foot!
 Your movements are slowed slightly because of your load.
 You are caught in a bear trap.
 You are caught in a bear trap.
 You stop.  Smiley is in the way!
 You are caught in a bear trap.
 You are caught in a bear trap.
 You are caught in a bear trap.
 You are caught in a bear trap.
 You are caught in a bear trap.
 You are caught in a bear trap.
 Your leg feels better.
 Your movements are now unencumbered.
 You are caught in a bear trap.
 You are caught in a bear trap.
 You are caught in a bear trap.
 The bat bites!
 The bat bites!
 You stop.  Smiley is in the way!
 The bat bites!
 The bat bites!
 You are caught in a bear trap.
 The bat bites!
 The bat bites!
 You are caught in a bear trap.
 The bat bites!
 The bat bites!
 You are caught in a bear trap.
 The bat bites!
 The bat bites!
 You are caught in a bear trap.
 The bat bites!
 You die...
 Do you want your possessions identified? [ynq] (y)

Inventory:
 Coins    ('$')
  $ - 99 gold pieces
 Amulets  ('"')
  D - an amulet of ESP
  p - a cursed amulet versus poison
 Weapons  (')')
  P - 8 +0 crossbow bolts
  N - a +0 bow
  C - a blessed +0 sling
  r - 12 blessed +0 darts
  q - 7 cursed +0 shuriken (at the ready)
  z - a +2 elven dagger
  a - a blessed +1 mace (weapon in right hand)
 Armor    ('[')
  n - a +0 shield of shock resistance (being worn)
  c - a +0 small shield
  A - a +0 dwarvish cloak (being worn)
  b - a +0 robe
 Comestibles  ('%')
  e - a clove of garlic
  o - 2 lembas wafers
  f - a sprig of wolfsbane
  m - 3 tripe rations
  J - a homemade tin of jackal meat
  E - an egg
  j - 2 lichen corpses
 Scrolls  ('?')
  K - a blessed scroll of enchant weapon
  v - a scroll of enchant weapon
 Spellbooks  ('+')
  g - a spellbook of healing
  B - a spellbook of healing
  h - a spellbook of light
  F - a spellbook of teleport away
 Potions  ('!')
  s - a potion of healing
  L - 2 potions of restore ability
  d - 4 potions of holy water
  G - a potion of water
 Rings    ('=')
  H - a ring of sustain ability
  O - a ring of teleport control
 Tools    ('(')
  i - a tooled horn
  k - a brass lantern
  u - a magic whistle
  t - a skeleton key
  x - a tallow candle
 Gems/Stones  ('*')
  y - a jade stone named soft
  l - 2 cursed worthless pieces of green glass named soft
  I - a worthless piece of red glass named soft
  w - a worthless piece of white glass named soft
  M - 6 rocks

Eymerich the Priest's attributes:

Background:
 You were an Acolyte, a level 4 elven Priest.
 You were chaotic, on a mission for Manannan Mac Lir
 who was opposed by Lugh (lawful) and Brigit (neutral).
 You were right-handed.
 You were in the Dungeons of Doom, on level 4.
 You entered the dungeon 2459 turns ago.
 You had 134 experience points, 26 more were needed to attain level 5.

Basics:
 You had 0 out of 30 hit points.
 You had all 61 energy points (spell power).
 Your armor class was 9.
 Your wallet contained 99 zorkmids.
 Autopickup was off.

Final Characteristics:
 Your strength was 16 (limit:18).
 Your dexterity was 11 (limit:18).
 Your constitution was 15 (limit:16).
 Your intelligence was 12 (limit:20).
 Your wisdom was 17 (limit:20).
 Your charisma was 11 (limit:18).

Final Status:
 You were trapped in a bear trap.
 You weren't hungry.
 You were unencumbered.
 You were wielding a mace.
 You had basic skill with mace.

Final Attributes:
 You were piously aligned.
 Your items were somewhat protected from fire.
 Your items were somewhat protected from cold.
 You were sleep resistant.
 You were shock resistant.
 Your items were protected from electric shocks.
 You had infravision.
 You were warded.
 You are dead.

Miscellaneous:
 You didn't encounter any bones levels.
 Total elapsed playing time was 58 minutes and 37 seconds.

Major events:
 Turn
    1: Eymerich the chaotic elven Priest entered the dungeon
  988: attained the rank of Acolyte (level 3)
 1444: entered the Gnomish Mines
 2459: killed by a bat

Spells:
 Name                 Level Category     Fail Retention
 healing                1   healing        0%  76%-100%
 light                  1   clerical       0%   81%-90%

Skills:
 Fighting Skills
   bare handed combat [Unskilled]
 Weapon Skills
   club               [Unskilled]
   mace               [Basic]
   morning star       [Unskilled]
   flail              [Unskilled]
   hammer             [Unskilled]
   quarterstaff       [Unskilled]
   polearms           [Unskilled]
   spear              [Unskilled]
   trident            [Unskilled]
   lance              [Unskilled]
   bow                [Unskilled]
   sling              [Unskilled]
   crossbow           [Unskilled]
   dart               [Unskilled]
   shuriken           [Unskilled]
   boomerang          [Unskilled]
   unicorn horn       [Unskilled]
 Spellcasting Skills
   healing spells     [Unskilled]
   divination spells  [Unskilled]
   clerical spells    [Basic]

Voluntary challenges:
 Character rerolling was not enabled.
 You were illiterate.
 You never genocided any monsters.
 You never polymorphed an object.
 You never changed form.
 You used no wishes.
Achievements:
 You entered a shop.
 You attained the rank of Acolyte.
 You entered the Gnomish Mines.

 The Dungeons of Doom: levels 1 to 4
    Level 1:
       Some fountains.
    Level 2: "vault"
       A tool shop.
    Level 3:
       Stairs down to The Gnomish Mines.
    Level 4: "vault" <- You were here.
       Final resting place for
          you, killed by a bat.
 The Gnomish Mines:
    Level 4:


Vanquished creatures:
  a pony
  a kitten
  a giant bat
  2 dwarf zombies
  a wererat
  3 iguanas
  2 coyotes
  2 gas spores
  2 hobbits
  a hobgoblin
  2 giant rats
  a cave spider
  3 geckos
  5 jackals
  3 kobolds
  a goblin
  3 sewer rats
  4 grid bugs
  a bat
  2 lichens
  2 kobold zombies
  9 newts
52 creatures vanquished.

No species were genocided or became extinct.

Game over:
                       ----------
                      /          \
                     /    REST    \
                    /      IN      \
                   /     PEACE      \
                  /                  \
                  |     Eymerich     |
                  |      99 Au       |
                  | killed by a bat  |
                  |                  |
                  |                  |
                  |                  |
                  |       2026       |
                 *|     *  *  *      | *
        _________)/\\_//(\/(/\)/\//\/|_)_______

Goodbye Eymerich the Priest...

You died in The Dungeons of Doom on dungeon level 4 with 776 points,
and 99 pieces of gold, after 2459 moves.
You were level 4 with a maximum of 30 hit points when you died.

